AoeStats
← 我是來種田的

Arabia

509643681Analyzed
3v3 RM · 4d ago on Sep 27, 2026· 52m 53s· 6 players
Game mode
Random Map
Map size
Normal (6 player)
Population
200
Speed
Normal
Resources
Standard
Victory
Conquest
Starting age
Dark Age
Ending age
Imperial Age
RankedLock teamsTeams togetherTeam positionsShared explorationLock speedFull tech treeHidden civsTurbo modeCheats
Victory
Defeat
🇭🇰 Khmer · Hong Kong SAR China
920
+15
🇭🇰 Varangians · Hong Kong SAR China
858
+39
🇭🇰 Jurchens · Hong Kong SAR China
852
+18
🇳🇱 Saxons · Netherlands
920
-45
🇺🇸 Franks · United States
875
-16
🇸🇪 Persians · Sweden
874
-16
Bavmorda
0:32 Loom
1:59 Loom
11:28 Feudal Age
16:19 Town Watch
16:22 Double-Bit Axe
19:10 Castle Age
17:16 Stone Mining
23:34 Forging
23:30 Scale Barding Armor
24:54 Bow Saw
34:53 Wheelbarrow
36:45 Hand Cart
38:03 Fletching
38:31 Town Patrol
39:25 Treadmill Crane
39:41 Murder Holes
39:57 Fortified Wall
39:54 Bodkin Arrow
41:07 Ballistics
40:57 Masonry
44:27 Gold Mining
44:25 Pikeman
45:06 Squires
44:53 Arson
47:15 Scale Mail Armor
Hrothgar
10:40 Feudal Age
12:03 Double-Bit Axe
18:56 Man-at-Arms
20:20 Horse Collar
23:08 Castle Age
Akreed
7:03 Loom
9:27 Feudal Age
12:11 Horse Collar
12:30 Double-Bit Axe
25:32 Castle Age
Disconnected
9:50 Feudal Age
10:31 Double-Bit Axe
14:49 Castle Age
14:20 Scale Mail Armor
15:50 Wheelbarrow
15:35 Gambesons
16:20 Bow Saw
23:23 Forging
26:43 Arson
28:24 Chain Mail Armor
28:17 Squires
29:39 Iron Casting
37:51 Siege Engineers
44:15 Imperial Age
43:53 Gold Mining
43:52 Horse Collar
44:42 Capped Ram
46:44 Blast Furnace
46:32 Ballistics
46:37 Siege Ram
我是來種田的
12:08 Feudal Age
15:57 Castle Age
14:18 Horse Collar
16:09 Double-Bit Axe
16:51 Loom
19:25 Pikeman
23:11 Scale Barding Armor
23:38 Forging
23:31 Husbandry
25:27 Wheelbarrow
25:34 Town Watch
25:43 Gold Mining
27:43 Chain Barding Armor
28:57 Iron Casting
30:22 Gold Shaft Mining
31:20 Bloodlines
31:48 Stone Mining
32:24 Town Patrol
33:37 Bow Saw
33:34 Heavy Plow
34:53 Arson
39:39 Imperial Age
39:28 Hand Cart
39:56 Stone Shaft Mining
41:20 Blast Furnace
40:57 Plate Barding Armor
41:02 Crop Rotation
40:56 Cavalier
42:04 Conscription
41:45 Double Crossbow
41:07 Elite Ballista Elephant
45:06 Ballistics
45:47 Chemistry
44:43 Murder Holes
46:40 Capped Ram
48:43 Scale Mail Armor
48:06 Halberdier
48:13 Light Cavalry
raincc11
7:54 Loom
10:03 Feudal Age
12:39 Bloodlines
13:59 Double-Bit Axe
19:20 Horse Collar
23:07 Castle Age
22:57 Gold Mining
24:27 Wheelbarrow
24:06 Bow Saw
25:50 Husbandry
26:07 Heavy Plow
27:57 Forging
27:53 Scale Barding Armor
29:44 Iron Casting
29:07 Town Watch
29:40 Hand Cart
32:38 Chain Barding Armor
36:46 Imperial Age
34:45 Fletching
35:55 Town Patrol
36:35 Stone Mining
37:40 Vendel Legacy
39:40 Conscription
38:42 Gothikon
39:05 Cavalier
40:05 Gambesons
40:21 Squires
40:08 Arson
41:57 Blast Furnace
40:58 Scale Mail Armor
41:34 Plate Barding Armor
40:55 Bodkin Arrow
41:01 Elite Varangian Guard
44:22 Stone Shaft Mining
44:07 Chain Mail Armor
43:52 Murder Holes
44:03 Siege Engineers
44:19 Ballistics
44:59 Chemistry
47:27 Plate Mail Armor
46:57 Bracer
48:21 Masonry
47:52 Treadmill Crane
49:52 Elite Jarl
49:54 Spies/Treason
50:03 Spies/Treason
51:53 Padded Archer Armor
Connection lost

Rejoining the realm…

Still unreachable

The connection could not be restored.

Session expired

The server has moved on; the page needs a fresh start.